Map: Sequencer LE

Players

eXile - Winner!

  • Race: Zerg Zerg
  • League: Platinum
  • Spawn Location: 7:00

IIIIIIIIIIII

  • Race: Zerg Zerg
  • League: Diamond
  • Spawn Location: 1:00

VOD

Have the link to the VOD?

Description

Time

  • Played on: May 28, 2017, 4:01 p.m.
  • Length: 8:17
Show
View Real Time Build Order
Export as new Build Order

eXile Zerg - Winner!

Build Orders: Hatch First 

Get SALT Encoding   

  12  0:02  Drone  
  13  0:14  Overlord  
  13  0:20  Drone  
  14  0:33  Drone x2  
  16  0:40  Drone  
  17  0:55  Hatchery  
  16  0:57  Drone  
  16  1:00  Extractor  
  16  1:03  Drone  
  17  1:21  Spawning Pool  
  17  1:24  Drone x2  
  18  1:29  Drone  
  19  1:41  Overlord  
  19  1:57  Overlord  
  19  2:05  Drone  
  19  2:07  Metabolic Boost  
  19  2:08  Queen  
  20  2:11  Zergling x2  
  20  2:13  Zergling x2  
  24  2:20  Queen  
  26  2:26  Drone x2  
  28  2:40  Baneling Nest  
  28  2:43  Drone x3  
  30  2:52  Drone x2  
  32  3:01  Drone x2  
  34  3:13  Evolution Chamber  
  33  3:20  Roach Warren  
  33  3:23  Queen  
  34  3:30  Drone x3  
  34  3:31  Drone  
  38  3:34  Lair  
  38  3:36  Extractor  
  38  3:39  Zerg Missile Weapons Level 1  
  38  3:41  Drone x2  
  39  3:55  Baneling x2  
  39  3:58  Zergling x8  
  43  4:10  Overlord  
  43  4:11  Overlord  
  43  4:14  Overlord  
  43  4:54  Glial Reconstitution  
  43  4:55  Roach x2  
  43  4:56  Roach x6  
  45  5:25  Drone  
  45  5:26  Drone x6  
  45  5:27  Drone x3  
  46  5:46  Zerg Missile Weapons Level 2  
  46  5:54  Drone x2  
  46  5:55  Drone x2  
  50  6:08  Drone x2  
  52  6:17  Drone  
  52  6:18  Drone  
  54  6:19  Hatchery  
  54  6:21  Extractor  
  54  6:22  Extractor  
  43  6:44  Zergling x2  
  43  6:45  Zergling x14  
  43  6:46  Zergling x2  
  50  6:53  Zergling x6  
  45  7:18  Drone x6  
  40  7:39  Roach x4  
  40  7:40  Roach x5  
Show
View Real Time Build Order
Export as new Build Order

IIIIIIIIIIII Zerg 

Build Orders: Pool First 

Get SALT Encoding   

  12  0:01  Drone  
  13  0:09  Drone  
  14  0:18  Drone, Extractor  
  15  0:29  Overlord  
  15  0:41  Spawning Pool  
  14  0:44  Extractor  
  14  0:49  Drone x2  
  15  0:52  Drone  
  16  1:02  Drone  
  17  1:13  Overlord  
  17  1:26  Overlord  
  17  1:28  Queen  
  20  1:32  Drone  
  20  1:47  Zergling x2  
  21  1:56  Drone  
  22  2:12  Hatchery  
  22  2:14  Baneling Nest, Drone  
  21  2:19  Queen  
  23  2:26  Metabolic Boost  
  23  2:52  Extractor  
  23  2:56  Lair  
  22  3:01  Baneling  
  22  3:02  Baneling  
  22  3:11  Zergling x6  
  22  3:12  Zergling x2  
  26  3:19  Zergling x2  
  27  3:20  Zergling x2  
  27  3:24  Queen  
  30  3:32  Drone  
  30  3:33  Drone x2  
  33  3:50  Zergling x6  
  33  3:51  Zergling x2  
  37  4:07  Nydus Network  
  36  4:13  Baneling x3  
  36  4:19  Zergling x6  
  36  4:24  Drone  
  40  4:36  Baneling  
  40  4:37  Centrifical Hooks  
  40  4:52  Nydus Canal  
  40  4:55  Zergling x4  
  42  5:01  Drone x2  
  30  5:30  Zergling x2  
  30  5:31  Zergling x14  
  38  5:41  Roach Warren  
  37  5:48  Drone x2  
  39  5:55  Drone x2  
  41  6:07  Drone x3  
  44  6:17  Spire  
  37  6:34  Zergling x6  
  37  6:35  Zergling x6  
  37  6:45  Roach x2  
  32  6:56  Zergling x4  
  33  7:07  Nydus Canal  
  33  7:09  Drone x2  
  35  7:25  Baneling  
  35  7:26  Baneling  
  32  7:30  Zergling x6  
  32  7:31  Zergling x6  
  23  7:48  Spine Crawler  
  23  7:50  Baneling x2  
Tags
 
Add a new tag
Caveats
  • Supply blocks, unpowered buildings, or Contaminate may cause inaccurate times.
  • Supply counts are checked every 10 seconds.